 Dungeon Crawl Stone Soup version 0.30.0-20-g3b4254fcbd (webtiles) character file.

Game seed: 17647115530113926656

10614 Gabide the Fighter (level 11, -7/90 HPs)
             Began as a Mummy Monk on June 2, 2023.
             Was a Believer of Ru.
             Mangled by a boulder beetle (21 damage)
             ... on level 11 of the Dungeon.
             The game lasted 00:23:38 (14266 turns).

Gabide the Fighter (Mummy Monk)                    Turns: 14266, Time: 00:23:40

Health: -7/90      AC:  9    Str: 16    XL:     11   Next: 38%
Magic:  11/11      EV: 15    Int: 12    God:    Ru [**....]
Gold:   246        SH:  0    Dex: 18    Spells: 10/10 levels left

rFire   . . .        a - +5 long sword of Vanity {elec, +Blink Int+3}
rCold   + . .        c - orb {light}
rNeg    + + +        o - +0 ring mail
rPois   ∞            l - +0 hat {SInv}
rElec   .            (no cloak)
rCorr   .            g - +0 pair of gloves
SInv    +            m - +2 pair of boots
Will    .....        u - amulet of regeneration
Stlth   +            s - ring of protection from fire
HPRegen 1.15/turn    i - +4 ring of slaying
MPRegen 0.12/turn

%: faith
@: weak-willed, glowing
A: cold resistance 1, negative energy resistance 3, torment resistance 2, heat
vulnerability 1, no air magic, no hexes magic, no necromancy magic, disrupted
magic 1, unskilled 1, in touch with death 1, no potions, faith
a: Renounce Religion, Evoke Blink


You were on level 11 of the Dungeon.
You worshipped Ru.
Ru was pleased with you.
You visited 2 branches of the dungeon, and saw 12 of its levels.

You collected 594 gold pieces.
You spent 348 gold pieces at shops.

Inventory:

Hand Weapons
 a - the +5 long sword of Vanity (weapon) {elec, +Blink Int+3}
   (You took it off an orc priest on level 9 of the Dungeon)

   Int:       It affects your intelligence (+3).
   +Blink:    It lets you blink.
 b - a +4 dagger of speed
Armour
 c - an orb of light (worn)
 g - a +0 pair of gloves (worn)
 l - a +0 hat of see invisible (worn)
 m - a +2 pair of boots (worn)
 o - a +0 ring mail (worn)
Jewellery
 d - a ring of see invisible
 i - a +4 ring of slaying (right hand)
 q - a ring of resist corrosion
 s - a ring of protection from fire (left hand)
 u - an amulet of regeneration (around neck)
Wands
 r - a wand of polymorph (3)
Scrolls
 e - a scroll of vulnerability
 f - 4 scrolls of fog
 h - 5 scrolls of identify
 j - 4 scrolls of magic mapping
 k - 2 scrolls of teleportation
 p - a scroll of blinking
Miscellaneous
 v - a phantom mirror (inert)


   Skills:
 + Level 10.1 Fighting
 + Level 8.4 Long Blades
 + Level 8.4 Dodging


You had 10 spell levels left.
You didn't know any spells.
Your spell library was empty.

Dungeon Overview and Level Annotations

Branches:
Dungeon (11/15)            Temple (1/1) D:5             Orc (0/2) D:10
   Lair: D:8-11

Altars:
Ashenzari
Cheibriados
Dithmenos
Fedhas
Gozag
Hepliaklqana
Kikubaaqudgha
Makhleb
Nemelex Xobeh
Okawaru
Qazlal
Ru
Sif Muna
Trog
Uskayaw
Vehumet
Wu Jian
Xom
Yredelemnul

Shops:
D:2 *   D:4 !   D:5 *   D:8 :   D:9 !!   D:10 =

Annotations:
D:3 2 transporters, Henri's ghost, amateur VSEn
D:8 3 runed translucent doors, Shavain's ghost, novice VSFi; onwiheg's ghost, novice DgCj


Innate Abilities, Weirdness & Mutations

You are immune to poison.
Your flesh is cold resistant. (rC+)
You are immune to negative energy. (rN+++)
You are immune to unholy pain and torment.
You are vulnerable to heat. (rF-)
You cannot study or cast Air magic.
You cannot study or cast Hexes magic.
You cannot study or cast Necromancy magic.
Your casting is slightly disrupted.
You are somewhat unskilled. (-1 Apt)
You are in touch with the powers of death.
You do not drink.
You have a special connection with the divine. (Faith)


Message History

You are too injured to fight recklessly!
You are too injured to fight recklessly!
You are too injured to fight recklessly!
You are too injured to fight recklessly!
You are too injured to fight recklessly!
You are too injured to fight recklessly!
You are too injured to fight recklessly!
You are too injured to fight recklessly!
You are too injured to fight recklessly!
You are too injured to fight recklessly!
You are too injured to fight recklessly!
Read: 2 scrolls of vulnerability
Press: ? - help, Dir - look around, f - activate Look: a boulder beetle (lightly wounded, haloed, susceptible)
As you read the scroll of vulnerability, it crumbles to dust.
Magic quickly surges around you. The boulder beetle bites you!
Aiming: Paralyse
Press: ? - help, Shift-Dir - straight line, f/p - boulder beetle
Aim: a boulder beetle (lightly wounded, weak-willed, haloed, chance to affect: 49%)
The boulder beetle resists with some effort.
The now-empty wand crumbles to dust.
The boulder beetle bites you!!
* * * LOW HITPOINT WARNING * * *
Okay, then.
Unknown command.
Unknown command.
Aiming: Polymorph
Press: ? - help, Shift-Dir - straight line, f/p - boulder beetle
Aim: a boulder beetle (lightly wounded, weak-willed, haloed, will become a bunyip, a broodmother, or a great orb of eyes, chance to affect: 49%)
Okay, then.
Unknown command.
Unknown command.
Aiming: Phantom Mirror
Press: ? - help, Dir - move target, f/p - boulder beetle
Aim: a boulder beetle (lightly wounded, weak-willed, haloed)
You reflect the boulder beetle with the mirror!
The mirror clouds!
The boulder beetle bites you!!
You die...

#########
#.......###
#........
#.........##
#.....(..
#.......⌠..##
#........
#...........#
+........
#.....⌠.....#
#........
........<..#
######'##
#..⌠B:...#
#.#
#..@B....#
#.#
#.#..⌠..##
#.##
#.##...##
#... #.# ####
#######' #.#
#....... #.#
#....... #.#
#....... #.#
#....... #.#
#.......


You could see a boulder beetle (weak-willed, ally target) and a friendly boulder
beetle (summoned, weak-willed, drained).

Vanquished Creatures
  Pikel (D:4)
  A manticore (D:10)
  A cyclops (D:11)
  3 kobold demonologists (D:9)
  2 trolls
  Prince Ribbit (D:8)
  Sigmund (D:3)
  Eustachio (D:5)
  A shadow (D:11)
  20 yaks
  A basilisk (D:8)
  Menkaure (D:5)
  An acid dragon (D:11)
  A water moccasin (D:5)
  4 orc warriors
  2 ice beasts (D:5)
  2 sky beasts (D:7)
  An ogre (D:4)
  2 centaurs
  A phantom (D:6)
  5 kobold brigands
  3 lemures
  2 bullfrogs
  Blork the orc (D:5)
  3 scorpions
  8 wights
  7 killer bees
  A howler monkey (D:9)
  3 hounds
  11 orc priests
  A jelly (D:8)
  A gnoll bouda (D:10)
  5 iguanas
  5 hell rats (D:7)
  13 orc wizards
  9 gnolls
  3 river rats (D:7)
  8 adders
  3 shadow imps
  2 worms
  5 dart slugs
  61 orcs
  5 bats
  4 endoplasms
  3 giant cockroaches (D:4)
  5 goblins
  2 hobgoblins
  5 jackals
  10 kobolds
  10 quokkas
  8 ball pythons
  A frilled lizard (D:3)
  20 rats
281 creatures vanquished.

Vanquished Creatures (collateral kills)
  5 killer bees (D:8)
  4 kobolds (D:8)
9 creatures vanquished.

Vanquished Creatures (others)
  A lindwurm (D:10)
  A rat (D:7)
2 creatures vanquished.

Grand Total: 292 creatures vanquished

Notes
Turn   | Place    | Note
-------+----------+-------------------------------------------
     0 | D:1      | Gabide the Mummy Monk began the quest for the Orb.
     0 | D:1      | Reached XP level 1. HP: 18/18 MP: 1/1
   193 | D:1      | Reached XP level 2. HP: 22/24 MP: 2/2
   934 | D:2      | Gained mutation: You are in touch with the powers of death.
                  | [Mummy growth]
   934 | D:2      | Reached XP level 3. HP: 29/29 MP: 3/3
  1036 | D:2      | Found Buemn's General Store.
  1402 | D:2      | Bought a scroll of fog for 48 gold pieces
  1745 | D:3      | Found a transporter.
  1748 | D:3      | Noticed a phantom
  1796 | D:3      | Reached XP level 4. HP: 37/37 MP: 4/4
  1799 | D:3      | Found a faded altar of an unknown god.
  1958 | D:3      | Found a transporter.
  1960 | D:3      | Noticed Henri's ghost (amateur VSEn)
  2038 | D:3      | Noticed Sigmund
  2069 | D:3      | Killed Sigmund
  2070 | D:3      | Reached skill level 4 in Fighting
  2070 | D:3      | Reached XP level 5. HP: 18/43 MP: 5/5
  2356 | D:3      | Reached XP level 6. HP: 27/49 MP: 6/6
  3037 | D:4      | Found Leas's Distillery.
  3069 | D:4      | Reached skill level 5 in Fighting
  3270 | D:4      | Reached XP level 7. HP: 32/56 MP: 7/7
  3848 | D:4      | Found an ancient bone altar of Kikubaaqudgha.
  3988 | D:5      | Entered Level 5 of the Dungeon
  4131 | D:5      | Noticed Blork the orc
  4151 | D:5      | Killed Blork the orc
  4289 | D:5      | Noticed Pikel
  4985 | D:5      | Reached skill level 6 in Fighting
  5161 | D:5      | Found Hoiliupn's General Store.
  5180 | D:5      | Reached skill level 5 in Long Blades
  5180 | D:5      | Reached skill level 5 in Dodging
  5180 | D:5      | Reached XP level 8. HP: 50/64 MP: 8/8
  5475 | D:5      | Found a staircase to the Ecumenical Temple.
  5569 | Temple   | Entered the Ecumenical Temple
  5616 | Temple   | Became a worshipper of Ru the Awakened
  5639 | Temple   | Gained mutation: You cannot study or cast Air magic. [Ru
                  | sacrifice]
  5639 | Temple   | Gained mutation: You cannot study or cast Hexes magic. [Ru
                  | sacrifice]
  5639 | Temple   | Gained mutation: You cannot study or cast Necromancy magic.
                  | [Ru sacrifice]
  5639 | Temple   | Reached * piety under Ru
  5733 | D:5      | Noticed Menkaure
  5742 | D:5      | Killed Menkaure
  5999 | D:5      | Noticed Eustachio
  6015 | D:5      | Killed Eustachio
  6446 | D:6      | Reached skill level 7 in Fighting
  6969 | D:6      | Reached XP level 9. HP: 48/72 MP: 9/9
  7768 | D:7      | Gained mutation: You are somewhat unskilled. (-1 Apt) [Ru
                  | sacrifice]
  7768 | D:7      | Reduced skill Long Blades to level 5
  7768 | D:7      | Reduced skill Dodging to level 5
  7768 | D:7      | Reached ** piety under Ru
  8805 | D:4      | Killed Pikel
  9003 | D:8      | Noticed a troll
  9462 | D:8      | Reached skill level 8 in Fighting
  9695 | D:8      | Found a runed translucent gate.
  9695 | D:8      | Found a runed translucent gate.
  9695 | D:8      | Found a runed translucent gate.
  9696 | D:8      | Noticed onwiheg's ghost (novice DgCj)
  9696 | D:8      | Noticed Shavain's ghost (novice VSFi)
  9742 | D:8      | Reached XP level 10. HP: 61/80 MP: 10/10
  9967 | D:8      | Noticed Prince Ribbit
  9988 | D:8      | Killed Prince Ribbit
 10125 | D:8      | Found Ungeinar's Book Shoppe.
 10245 | D:8      | Found a radiant altar of Vehumet.
 10249 | D:8      | Found a shimmering blue altar of Sif Muna.
 10348 | D:8      | Found a hazy altar of Hepliaklqana.
 10606 | D:9      | Gained mutation: Your casting is slightly disrupted. [Ru
                  | sacrifice]
 10800 | D:9      | Noticed a two-headed ogre
 11263 | D:9      | Found Qeon Dio's Distillery.
 11590 | D:9      | Found Uxzianir's Distillery.
 11657 | D:9      | Reached skill level 9 in Fighting
 12066 | D:10     | Entered Level 10 of the Dungeon
 12070 | D:10     | Found an opulent altar of Gozag.
 12122 | D:10     | Identified the +5 long sword of Vanity {elec, +Blink Int+3}
 12581 | D:10     | Reached XP level 11. HP: 66/89 MP: 11/11
 12678 | D:10     | Found a staircase to the Orcish Mines.
 13331 | D:10     | Found Ycvacozu's Jewellery Emporium.
 13338 | D:10     | Bought an amulet of regeneration for 300 gold pieces
 13410 | D:10     | Found a burning altar of Makhleb.
 13608 | D:10     | Noticed a lindwurm
 13608 | D:10     | Noticed a lindwurm
 13609 | D:10     | Noticed a lindwurm
 13610 | D:10     | Noticed a lindwurm
 13695 | D:10     | Killed a lindwurm
 13932 | D:11     | Reached skill level 10 in Fighting
 14259 | D:11     | Noticed a boulder beetle
 14266 | D:11     | Mangled by a boulder beetle

Illustrated notes

Levels and vault maps discovered:
D:1:      dpeg_arrival_boxorama, layout_basic, minmay_3d_cube
D:2:      layout_loops_ring, serial_shops, shop_fountains
D:3:      layout_loops_ring, gammafunk_ghost_mausoleum,
          ebering_ecumenical_altar_box, uniq_sigmund
D:4:      minmay_spotlight, layout_cave_pods,
          mainiacjoe_overflow_surrounded_room, serial_shops, shop,
          kennysheep_small_spiral, due_unseen_surprise
D:5:      layout_basic, minmay_temple_entry_arrows, serial_shops,
          nicolae_shop_rolling_square, uniq_blork_the_orc, uniq_pikel,
          uniq_eustachio, uniq_menkaure
D:6:      layout_loops_cross
D:7:      lemuel_ratsnest, layout_loops_ring
D:8:      layout_cave_pools, worldfamousw_hep_ancestral_shrine,
          nicolae_overflow_hidden_temple, serial_shops, kennysheep_mini,
          gammafunk_ghost_cemetery, uniq_prince_ribbit1
D:9:      layout_rooms, serial_shops, nicolae_shop_waterfront,
          nicolae_shop_real_fake_doors, hangedman_abyss_or_decor_stagger
D:10:     layout_loops_corners, nicolae_gozag_seed_capital,
          mainiacjoe_overflow_concentric_impassable, david_orc_3, serial_shops,
          shop, small_chamber_with_monster, minivault_4, nicolae_sextant,
          minmay_lindwurm_lava
D:11:     layout_roguey, lair_entry_dummy, chequers_avenue, grunt_ministairs_9
Temple:   regret_index_temple_waves

Skill      XL: |  1  2  3  4  5  6  7  8  9 10 11 |
---------------+----------------------------------+-----
Dodging        | 3 4 5 6 6 7 8 |  8.4
Long Blades    | 3 4 5 6 6 7 8 |  8.4
Fighting       | 4 5 6 7 8 9 10 | 10.1

Action                     |  1- 3 |  4- 6 |  7- 9 | 10-12 || total
---------------------------+-------+-------+-------+-------++-------
  Melee: Falchion          |    53 |       |       |       ||    53
         Dagger            |    45 |   199 |   772 |   343 ||  1359
         Long sword        |       |       |    32 |   102 ||   134
 Invoke: Sacrifice Arcana  |       |       |     1 |       ||     1
         Sacrifice Skill   |       |       |     1 |       ||     1
         Sacrifice Essence |       |       |       |     1 ||     1
         Reject Sacrifices |       |       |       |     1 ||     1
  Evoke: Wand              |       |    11 |       |     2 ||    13
         Phantom mirror    |       |       |       |     1 ||     1
    Use: Scroll            |     7 |     1 |    11 |     6 ||    25
   Stab: Paralysed         |       |     9 |       |       ||     9
         Invisible         |       |       |     1 |     6 ||     7
         Distracted        |       |       |     1 |     1 ||     2
 Armour: Robe              |    23 |       |       |       ||    23
         Ring mail         |    14 |    40 |   126 |    57 ||   237
  Dodge: Dodged            |    78 |    80 |   315 |   184 ||   657
